Blues vs Blackhawks

Created - 30 octobre 2019 at 19:57

Goals
1 2 3 T
Blues 1 1 1 3
Blackhawks 1 0 3 4
Shots
1 2 3 T
Blues 4 19 20 43
Blackhawks 8 16 14 38

1st period

1. Blues , Colin White 6 (Anthony Cirelli 6) at 7:19
2. Blackhawks , Eric Staal 3 (Zach Parise 8, Cam Atkinson 2) at 8:40

Penalties :
Jeremy Bracco (STL) for Hooking (Minor) at 3:40, Anthony Cirelli (STL) for Checking from behind (Minor) at 8:43, MacKenzie Weegar (STL) for Holding (Minor) at 12:59

2nd period

3. Blues , Colin White 7 (Jordan Oesterle 4, Michael Frolik 3) at 19:36

Penalties :
Niklas Hjalmarsson (CHI) for Holding Stick (Minor) at 8:31, Brandon Davidson (CHI) for Delaying the game (Minor) at 16:08

3rd period

4. Blackhawks , Zach Parise 3 (Niklas Hjalmarsson 5) at 0:25
5. Blues , Anthony Cirelli 3 (Colin White 7) at 0:35
6. Blackhawks , Cam Atkinson 6 (Markus Nutivaara 3, Andy Greene 1) at 7:15
7. Blackhawks , Andrew Shaw 6 (Gavin Bayreuther 2) at 15:06 (SH)

Penalties :
Tyler Bertuzzi (CHI) for Tripping (Minor) at 14:16, Jordan Oesterle (STL) for Tripping (Minor) at 16:59

Goalie Stats

Jonathan Quick (STL), 34 saves from 38 shots - (0,895), L, 4-6-0, 59:10 minutes
David Rittich (CHI), 40 saves from 43 shots - (0,930), W, 2-0-0, 60:00 minutes

Players Stats for Blues

Player Name              G  A  P  +/- PIM S  H  SB GA TA FO     MP     PP MP  PK MP  
------------------------------------------------------------------------------------
Anthony Cirelli          1  1  2   2  2   5  2  0  1  0  22/36  23:24   3:04   3:09 
Brendan Smith            0  0  0  -1  0   0  4  1  1  1  0/0    20:28   2:53   3:28 
Colin White              2  1  3   2  0   8  1  0  2  0  1/4    24:14   3:04   4:04 
Corey Perry              0  0  0  -2  0   3  1  1  0  0  0/0    17:23   2:53   2:46 
Curtis Lazar             0  0  0  -1  0   1  0  2  0  0  0/0    10:20   0:00   0:00 
David Schlemko           0  0  0   0  0   3  0  1  0  1  0/0    28:37   3:04   4:38 
Dominik Simon            0  0  0   0  0   2  1  0  0  1  0/3     6:57   0:00   0:00 
Jeremy Bracco            0  0  0   0  2   1  2  0  1  1  1/1     8:55   0:00   1:18 
Jordan Oesterle          0  1  1   0  2   2  1  3  0  0  0/0    26:52   3:04   2:57 
Jordan Schroeder         0  0  0   0  0   0  1  2  0  0  2/3    10:05   0:00   0:00 
MacKenzie Weegar         0  0  0  -1  2   1  0  1  0  0  0/0    19:40   2:53   2:21 
Matt Martin              0  0  0  -2  0   1  2  2  0  1  3/4    15:06   2:53   0:37 
Melker Karlsson          0  0  0  -2  0   4  0  0  1  0  1/7    15:47   2:53   1:12 
Michael Frolik           0  1  1   1  0   7  1  1  2  0  2/2    23:12   3:04   2:46 
Nic Hague                0  0  0   0  0   1  1  0  0  1  0/0    10:42   0:00   0:00 
Ryan Reaves              0  0  0  -1  0   1  3  0  2  1  0/0     9:54   0:00   0:00 
Ryan Spooner             0  0  0   0  0   0  0  0  0  0  0/0     6:57   0:00   0:00 
Ryan Sproul              0  0  0   0  0   3  0  0  0  0  0/0    13:27   0:00   2:28 

Players Stats for Blackhawks

Player Name              G  A  P  +/- PIM S  H  SB GA TA FO     MP     PP MP  PK MP  
------------------------------------------------------------------------------------
Alex Steen               0  0  0  -1  0   2  1  0  1  0  0/2    12:22   0:23   4:03 
Andrew Shaw              1  0  1   0  0   4  0  1  0  0  0/0    17:25   3:31   1:48 
Andy Greene              0  1  1   0  0   1  1  6  0  3  0/0    22:39   3:37   3:28 
Brandon Davidson         0  0  0   0  2   0  2  3  0  1  0/0    19:47   3:37   1:21 
Brett Connolly           0  0  0  -1  0   0  1  1  1  0  1/1    13:15   0:23   0:44 
Cam Atkinson             1  1  2   3  0   2  1  0  1  1  0/0    18:41   4:02   0:00 
Carl Hagelin             0  0  0   0  0   1  0  0  0  0  0/0     8:25   0:00   1:10 
Derek Forbort            0  0  0   2  0   1  0  0  0  2  0/0    20:57   0:00   2:29 
Eric Staal               1  0  1   3  0   2  0  0  1  0  14/27  18:41   4:02   0:00 
Gavin Bayreuther         0  1  1   0  0   1  0  0  0  1  0/0    18:38   4:19   1:51 
Luke Kunin               0  0  0  -1  0   2  2  0  0  0  4/8    11:36   0:00   4:03 
Markus Nutivaara         0  1  1  -1  0   1  0  0  0  0  0/0    16:24   4:19   0:00 
Mikael Backlund          0  0  0  -1  0   1  1  0  1  0  5/10   15:17   3:31   0:00 
Niklas Hjalmarsson       0  1  1   1  2   1  2  2  0  0  0/0    20:56   0:00   2:07 
Tyler Bertuzzi           0  0  0  -1  2   2  0  0  0  0  0/2    12:36   0:23   0:00 
Vladislav Namestnikov    0  0  0  -1  0   2  0  1  0  1  0/1    12:29   0:00   0:44 
Yanni Gourde             0  0  0  -1  0   4  3  0  0  0  3/8    15:11   3:31   0:00 
Zach Parise              1  1  2   3  0   11 0  2  2  1  1/1    18:41   4:02   0:00 

3 Stars

1 - Colin White (STL)
2 - Cam Atkinson (CHI)
3 - Zach Parise (CHI)

Power Play

Blues - 0 on 3 Attempt(s) - 0,00%
Blackhawks - 0 on 4 Attempt(s) - 0,00%

Penalty Kill

Blues - 4 on 4 Attempt(s) - 100,00% - Score 0 goal in Penalty Kill
Blackhawks - 3 on 3 Attempt(s) - 100,00% - Score 1 goal in Penalty Kill

Team Stat

Blues - Hits : 20 - Faceoff Wins : 32 - Blocked Shots : 14 - Penalty Minutes : 8
Blackhawks - Hits : 14 - Faceoff Wins : 28 - Blocked Shots : 16 - Penalty Minutes : 6

Official

Referees : Justin StPierre and Chris Lee
Linesman : Scott Cherrey and Ryan Gibbons

Game Notes

No Game Note

Finance

Level 1 -- Attendance: 4362 (72,70%) -- Ticket Income 436 200 $
Level 2 -- Attendance: 5000 (100,00%) -- Ticket Income 300 000 $
Level 3 -- Attendance: 1994 (99,70%) -- Ticket Income 69 790 $
Level 4 -- Attendance: 3869 (96,73%) -- Ticket Income 77 380 $
Luxury Box -- Attendance: 760 (76,00%) -- Ticket Income 152 000 $
Game was played at the United Center.
Total Attendance: 15985 (88,81%)
Total Ticket Income: 1 035 370 $
Other Income: 507 331 $
Total Income: 1 542 701 $

Blues

5 vs 5 Forward 
   Center                   Left Wing                Right Wing               Time % Phy DF OF 
 1 Anthony Cirelli          Michael Frolik           Colin White              40     1   2  2  
 2 Melker Karlsson          Matt Martin              Corey Perry              30     1   2  2  
 3 Jordan Schroeder         Ryan Reaves              Curtis Lazar             20     1   2  2  
 4 Dominik Simon            Ryan Spooner             Jeremy Bracco            10     1   2  2  

5 vs 5 Defense 
   Defense                  Defense                                           Time % Phy DF OF 
 1 David Schlemko           Jordan Oesterle                                   40     1   2  2  
 2 Brendan Smith            MacKenzie Weegar                                  30     1   2  2  
 3 Nic Hague                Ryan Sproul                                       20     1   2  2  
 4 David Schlemko           Jordan Oesterle                                   10     1   2  2  

PowerPlay Forward 
   Center                   Left Wing                Right Wing               Time % Phy DF OF 
 1 Anthony Cirelli          Michael Frolik           Colin White              60     1   2  2  
 2 Melker Karlsson          Matt Martin              Corey Perry              40     1   2  2  

PowerPlay Defense
   Defense                  Defense                                           Time % Phy DF OF 
 1 David Schlemko           Jordan Oesterle                                   60     1   2  2  
 2 Brendan Smith            MacKenzie Weegar                                  40     1   2  2  

Penalty Kill 4 Players Forward 
   Center                   Wing                     Time % Phy DF OF 
 1 Anthony Cirelli          Colin White              60     1   2  2  
 2 Michael Frolik           Corey Perry              40     1   2  2  

Penalty Kill 4 Players Defense
   Defense                  Defense                  Time % Phy DF OF 
 1 David Schlemko           Jordan Oesterle          60     1   2  2  
 2 Brendan Smith            MacKenzie Weegar         40     1   2  2  

Penalty Kill - 3 Players Forward 
   Forward                                           Time % Phy DF OF 
 1 Anthony Cirelli                                   60     1   2  2  
 2 Colin White                                       40     1   2  2  

Penalty Kill - 3 Players Defense
   Defense                  Defense                  Time % Phy DF OF 
 1 David Schlemko           Jordan Oesterle          60     1   2  2  
 2 Brendan Smith            MacKenzie Weegar         40     1   2  2  

4 vs 4 Forward 
   Center                   Wing                     Time % Phy DF OF 
 1 Anthony Cirelli          Colin White              60     1   2  2  
 2 Michael Frolik           Corey Perry              40     1   2  2  

4 vs 4 Defense
   Defense                  Defense                  Time % Phy DF OF 
 1 David Schlemko           Jordan Oesterle          60     1   2  2  
 2 Brendan Smith            MacKenzie Weegar         40     1   2  2  

Last Minutes Offensive
   Center                   Left Wing                Right Wing               Defense                  Defense                  
   Anthony Cirelli          Michael Frolik           Colin White              David Schlemko           Jordan Oesterle          

Last Minutes Defensive
   Center                   Left Wing                Right Wing               Defense                  Defense                  
   Anthony Cirelli          Michael Frolik           Colin White              David Schlemko           Jordan Oesterle          

Goaltenders
Starting : Jonathan Quick           
Backup : Tom McCollum             

Extra Forwards
Normal : Curtis Lazar, Jordan Schroeder, Jeremy Bracco - PP : Curtis Lazar, Jordan Schroeder - PK : Jeremy Bracco
Extra Defensemen
Normal : Nic Hague, Ryan Sproul, Brendan Smith - PP : Nic Hague - PK : Ryan Sproul, Brendan Smith
Penalty Shots
Anthony Cirelli, Colin White, Michael Frolik, Corey Perry, Matt Martin
Custom OT Lines Forwards
Anthony Cirelli, Colin White, Michael Frolik, Corey Perry, Matt Martin, Curtis Lazar, Melker Karlsson, Jordan Schroeder, Jeremy Bracco, Ryan Reaves
Custom OT Lines Defensemen
David Schlemko, Jordan Oesterle, Brendan Smith, MacKenzie Weegar, Nic Hague

Scratches
Matt Benning (Broken Bone (Left Foot) Injury), Cody Eakin (Healthy), Jason Demers (Healthy), Scott Darling (Healthy)

Blackhawks

5 vs 5 Forward 
   Center                   Left Wing                Right Wing               Time % Phy DF OF 
 1 Eric Staal               Zach Parise              Cam Atkinson             35     1   2  2  
 2 Mikael Backlund          Tyler Bertuzzi           Andrew Shaw              28     1   2  2  
 3 Yanni Gourde             Vladislav Namestnikov    Brett Connolly           25     1   2  2  
 4 Luke Kunin               Carl Hagelin             Alex Steen               12     1   2  2  

5 vs 5 Defense 
   Defense                  Defense                                           Time % Phy DF OF 
 1 Niklas Hjalmarsson       Derek Forbort                                     35     1   2  2  
 2 Andy Greene              Brandon Davidson                                  32     1   2  2  
 3 Gavin Bayreuther         Markus Nutivaara                                  25     1   2  2  
 4 Niklas Hjalmarsson       Derek Forbort                                     8      1   2  2  

PowerPlay Forward 
   Center                   Left Wing                Right Wing               Time % Phy DF OF 
 1 Eric Staal               Zach Parise              Cam Atkinson             60     1   2  2  
 2 Mikael Backlund          Yanni Gourde             Andrew Shaw              40     1   2  2  

PowerPlay Defense
   Defense                  Defense                                           Time % Phy DF OF 
 1 Gavin Bayreuther         Markus Nutivaara                                  60     1   2  2  
 2 Brandon Davidson         Andy Greene                                       40     1   2  2  

Penalty Kill 4 Players Forward 
   Center                   Wing                     Time % Phy DF OF 
 1 Luke Kunin               Alex Steen               60     1   2  2  
 2 Andrew Shaw              Carl Hagelin             40     1   2  2  

Penalty Kill 4 Players Defense
   Defense                  Defense                  Time % Phy DF OF 
 1 Andy Greene              Niklas Hjalmarsson       60     1   2  2  
 2 Derek Forbort            Gavin Bayreuther         40     1   2  2  

Penalty Kill - 3 Players Forward 
   Forward                                           Time % Phy DF OF 
 1 Luke Kunin                                        60     1   2  2  
 2 Alex Steen                                        40     1   2  2  

Penalty Kill - 3 Players Defense
   Defense                  Defense                  Time % Phy DF OF 
 1 Andy Greene              Niklas Hjalmarsson       60     1   2  2  
 2 Derek Forbort            Gavin Bayreuther         40     1   2  2  

4 vs 4 Forward 
   Center                   Wing                     Time % Phy DF OF 
 1 Mikael Backlund          Cam Atkinson             60     1   2  2  
 2 Eric Staal               Yanni Gourde             40     1   2  2  

4 vs 4 Defense
   Defense                  Defense                  Time % Phy DF OF 
 1 Markus Nutivaara         Derek Forbort            60     1   2  2  
 2 Brandon Davidson         Markus Nutivaara         40     1   2  2  

Last Minutes Offensive
   Center                   Left Wing                Right Wing               Defense                  Defense                  
   Eric Staal               Zach Parise              Cam Atkinson             Markus Nutivaara         Derek Forbort            

Last Minutes Defensive
   Center                   Left Wing                Right Wing               Defense                  Defense                  
   Luke Kunin               Carl Hagelin             Alex Steen               Niklas Hjalmarsson       Andy Greene              

Goaltenders
Starting : David Rittich            
Backup : Frederik Andersen        

Extra Forwards
Normal : Cam Atkinson, Yanni Gourde, Vladislav Namestnikov - PP : Yanni Gourde, Tyler Bertuzzi - PK : Vladislav Namestnikov
Extra Defensemen
Normal : Niklas Hjalmarsson, Derek Forbort, Andy Greene - PP : Derek Forbort - PK : Gavin Bayreuther, Brandon Davidson
Penalty Shots
Cam Atkinson, Zach Parise, Alex Steen, Andy Greene, Eric Staal
Custom OT Lines Forwards
Cam Atkinson, Eric Staal, Yanni Gourde, Mikael Backlund, Tyler Bertuzzi, Andrew Shaw, Vladislav Namestnikov, Brett Connolly, Alex Steen, Carl Hagelin
Custom OT Lines Defensemen
Niklas Hjalmarsson, Derek Forbort, Markus Nutivaara, Brandon Davidson, Andy Greene

Scratches
Brock McGinn (Healthy), Sven Andrighetto (Healthy)

% Time on Ice - Blues

Lines # - Real PCT - Wanted PCT - Time Play
Normal Forward
1 - 36% - 40% - 16:05
2 - 27% - 30% - 12:10
3 - 22% - 20% - 9:54
4 - 15% - 10% - 6:57
Normal Defense
1 - 41% - 40% - 18:28
2 - 34% - 30% - 15:07
3 - 22% - 20% - 9:45
4 - 4% - 10% - 1:46
PP Forward
1 - 52% - 60% - 3:04
2 - 48% - 40% - 2:53
PP Defense
1 - 52% - 60% - 3:04
2 - 48% - 40% - 2:53
PK Forward
1 - 65% - 60% - 5:10
2 - 35% - 40% - 2:46
PK Defense
1 - 53% - 60% - 4:13
2 - 47% - 40% - 3:43
PK3 Forward
1 - 0% - 60%
2 - 0% - 40%
PK3 Defense
1 - 0% - 60%
2 - 0% - 40%
44 Forward
1 - 0% - 60%
2 - 0% - 40%
44 Defense
1 - 0% - 60%
2 - 0% - 40%
Last Minute Offensive  - 1:01
Last Minute Defensive  - 0:00
Total
Forward - 60:00
Defense - 60:00

% Time on Ice - Blackhawks

Lines # - Real PCT - Wanted PCT - Time Play
Normal Forward
1 - 34% - 35% - 15:31
2 - 26% - 28% - 11:47
3 - 26% - 25% - 11:35
4 - 14% - 12% - 6:18
Normal Defense
1 - 36% - 35% - 16:27
2 - 34% - 32% - 15:12
3 - 26% - 25% - 11:49
4 - 4% - 8% - 1:43
PP Forward
1 - 56% - 60% - 4:25
2 - 44% - 40% - 3:31
PP Defense
1 - 54% - 60% - 4:19
2 - 46% - 40% - 3:37
PK Forward
1 - 80% - 60% - 4:47
2 - 20% - 40% - 1:10
PK Defense
1 - 69% - 60% - 4:06
2 - 31% - 40% - 1:51
PK3 Forward
1 - 0% - 60%
2 - 0% - 40%
PK3 Defense
1 - 0% - 60%
2 - 0% - 40%
44 Forward
1 - 0% - 60%
2 - 0% - 40%
44 Defense
1 - 0% - 60%
2 - 0% - 40%
Last Minute Offensive  - 0:00
Last Minute Defensive  - 0:56
Total
Forward - 60:00
Defense - 60:00

Play-by-Play

1st period


0:01 of 1st period - Anthony Cirelli wins face-off versus Eric Staal in neutral zone.
1:10 of 1st period - MacKenzie Weegar is hit by Luke Kunin and loses puck.
1:19 of 1st period - Wrist shot by Carl Hagelin.
1:19 of 1st period - Shot Blocked by Brendan Smith.
1:21 of 1st period - Wrist shot by Alex Steen.
1:21 of 1st period - Stopped by Jonathan Quick with a rebound.
1:41 of 1st period - Snap shot by Zach Parise.
1:41 of 1st period - Stopped by Jonathan Quick without a rebound.
1:42 of 1st period - Matt Martin wins face-off versus Mikael Backlund in Blues zone.
1:47 of 1st period - Andy Greene is hit by Matt Martin.
1:53 of 1st period - Slapshot by Mikael Backlund.
1:53 of 1st period - Shot Misses the Net.
1:55 of 1st period - Slapshot by Andy Greene.
1:55 of 1st period - Shot Blocked by Matt Martin.
2:32 of 1st period - Wrist shot by Yanni Gourde.
2:32 of 1st period - Stopped by Jonathan Quick without a rebound.
2:33 of 1st period - Jordan Schroeder wins face-off versus Yanni Gourde in Blues zone.
3:23 of 1st period - Zach Parise is hit by Jeremy Bracco and loses puck.
3:30 of 1st period - Snap shot by Gavin Bayreuther.
3:30 of 1st period - Shot Misses the Net.
3:32 of 1st period - Wrist shot by Cam Atkinson.
3:32 of 1st period - Shot Blocked by MacKenzie Weegar.
3:40 of 1st period - Minor Penalty to Jeremy Bracco for Hooking.
3:41 of 1st period - Anthony Cirelli wins face-off versus Eric Staal in Blues zone.
4:08 of 1st period - David Schlemko is hit by Yanni Gourde and loses puck.
4:39 of 1st period - Anthony Cirelli is hit by Brandon Davidson and loses puck.
5:38 of 1st period - Andy Greene is hit by Michael Frolik and loses puck.
5:40 of 1st period - Penalty to Jeremy Bracco is over, Jeremy Bracco is back on ice.
6:05 of 1st period - Slapshot by Luke Kunin.
6:05 of 1st period - Stopped by Jonathan Quick with a rebound.
7:01 of 1st period - Melker Karlsson is hit by Mikael Backlund and loses puck.
7:12 of 1st period - Gavin Bayreuther is hit by Nic Hague and loses puck.
7:19 of 1st period - Slapshot by Colin White.
7:19 of 1st period - Goal by Colin White - Blues : 1 - Blackhawks : 0.
7:20 of 1st period - Eric Staal wins face-off versus Anthony Cirelli in neutral zone.
7:29 of 1st period - Snap shot by Michael Frolik.
7:29 of 1st period - Shot Misses the Net.
7:45 of 1st period - Andy Greene is hit by Ryan Reaves and loses puck.
8:40 of 1st period - Snap shot by Eric Staal.
8:40 of 1st period - Goal by Eric Staal - Blues : 1 - Blackhawks : 1.
8:41 of 1st period - Anthony Cirelli wins face-off versus Tyler Bertuzzi in neutral zone.
8:43 of 1st period - Minor Penalty to Anthony Cirelli for Checking from behind.
8:44 of 1st period - Mikael Backlund wins face-off versus Colin White in Blues zone.
10:28 of 1st period - Wrist shot by Alex Steen.
10:28 of 1st period - Stopped by Jonathan Quick without a rebound.
10:29 of 1st period - Jeremy Bracco wins face-off versus Tyler Bertuzzi in Blues zone.
10:43 of 1st period - Penalty to Anthony Cirelli is over, Anthony Cirelli is back on ice.
11:00 of 1st period - MacKenzie Weegar is hit by Alex Steen and loses puck.
11:44 of 1st period - Snap shot by Colin White.
11:44 of 1st period - Stopped by David Rittich without a rebound.
11:45 of 1st period - Zach Parise wins face-off versus Anthony Cirelli in Blackhawks zone.
11:52 of 1st period - Snap shot by Cam Atkinson.
11:52 of 1st period - Shot Misses the Net.
11:54 of 1st period - Slapshot by Derek Forbort.
11:54 of 1st period - Shot Blocked by Jordan Oesterle.
11:56 of 1st period - Wrist shot by Eric Staal.
11:56 of 1st period - Shot Blocked by David Schlemko.
11:58 of 1st period - Snap shot by Zach Parise.
11:58 of 1st period - Stopped by Jonathan Quick with a rebound.
12:36 of 1st period - Slapshot by Matt Martin.
12:36 of 1st period - Shot Misses the Net.
12:38 of 1st period - Snap shot by Matt Martin.
12:38 of 1st period - Stopped by David Rittich with a rebound.
12:59 of 1st period - Minor Penalty to MacKenzie Weegar for Holding.
13:00 of 1st period - Eric Staal wins face-off versus Anthony Cirelli in Blues zone.
13:27 of 1st period - Andrew Shaw is hit by Brendan Smith and loses puck.
14:59 of 1st period - Penalty to MacKenzie Weegar is over, MacKenzie Weegar is back on ice.
15:12 of 1st period - Wrist shot by Tyler Bertuzzi.
15:12 of 1st period - Shot Blocked by Jordan Schroeder.
15:22 of 1st period - Wrist shot by Dominik Simon.
15:22 of 1st period - Stopped by David Rittich with a rebound.
16:27 of 1st period - Cam Atkinson is hit by Brendan Smith and loses puck.
17:41 of 1st period - Snap shot by Jeremy Bracco.
17:41 of 1st period - Shot Misses the Net.
18:24 of 1st period - Slapshot by Jordan Oesterle.
18:24 of 1st period - Shot Blocked by Brandon Davidson.
18:36 of 1st period - Wrist shot by Yanni Gourde.
18:36 of 1st period - Stopped by Jonathan Quick with a rebound.
19:18 of 1st period - Icing by Ryan Reaves.
19:19 of 1st period - Luke Kunin wins face-off versus Dominik Simon in Blues zone.
19:31 of 1st period - Luke Kunin is hit by Jeremy Bracco and loses puck.
19:51 of 1st period - Melker Karlsson is hit by Brandon Davidson and loses puck.
Goals for this period are 1 for Blues vs 1 for Blackhawks.
Shots for this period are 4 for Blues vs 8 for Blackhawks.

2nd period


0:01 of 2nd period - Anthony Cirelli wins face-off versus Eric Staal in neutral zone.
0:10 of 2nd period - Snap shot by Zach Parise.
0:10 of 2nd period - Stopped by Jonathan Quick with a rebound.
0:12 of 2nd period - Snap shot by Zach Parise.
0:12 of 2nd period - Shot Hit the Post.
0:14 of 2nd period - Slapshot by Niklas Hjalmarsson.
0:14 of 2nd period - Shot Misses the Net.
0:26 of 2nd period - Niklas Hjalmarsson is hit by Corey Perry and loses puck.
2:13 of 2nd period - Yanni Gourde is hit by Ryan Reaves.
2:23 of 2nd period - Snap shot by Jordan Schroeder.
2:23 of 2nd period - Shot Blocked by Vladislav Namestnikov.
2:34 of 2nd period - Icing by Brendan Smith.
2:35 of 2nd period - Anthony Cirelli wins face-off versus Eric Staal in Blues zone.
2:37 of 2nd period - Icing by Colin White.
2:38 of 2nd period - Anthony Cirelli wins face-off versus Eric Staal in Blues zone.
3:10 of 2nd period - Zach Parise is hit by Brendan Smith and loses puck.
3:17 of 2nd period - Snap shot by Cam Atkinson.
3:17 of 2nd period - Deflect By Zach Parise.
3:17 of 2nd period - Stopped by Jonathan Quick without a rebound.
3:18 of 2nd period - Matt Martin wins face-off versus Mikael Backlund in Blues zone.
3:31 of 2nd period - Wrist shot by Mikael Backlund.
3:31 of 2nd period - Shot Misses the Net.
3:45 of 2nd period - Derek Forbort is hit by Ryan Reaves and loses puck.
3:56 of 2nd period - Snap shot by Jordan Schroeder.
3:56 of 2nd period - Shot Misses the Net.
4:10 of 2nd period - Snap shot by Carl Hagelin.
4:10 of 2nd period - Stopped by Jonathan Quick with a rebound.
4:14 of 2nd period - Snap shot by Carl Hagelin.
4:14 of 2nd period - Deflect By Luke Kunin.
4:14 of 2nd period - Shot Misses the Net.
4:14 of 2nd period - Puck is out of play.
4:15 of 2nd period - Eric Staal wins face-off versus Anthony Cirelli in Blues zone.
4:18 of 2nd period - Snap shot by Cam Atkinson.
4:18 of 2nd period - Shot Misses the Net.
4:20 of 2nd period - Snap shot by Zach Parise.
4:20 of 2nd period - Shot Misses the Net.
4:22 of 2nd period - Wrist shot by Zach Parise.
4:22 of 2nd period - Shot Blocked by Michael Frolik.
4:24 of 2nd period - Wrist shot by Eric Staal.
4:24 of 2nd period - Shot Misses the Net.
4:26 of 2nd period - Wrist shot by Zach Parise.
4:26 of 2nd period - Stopped by Jonathan Quick with a rebound.
4:55 of 2nd period - Slapshot by Corey Perry.
4:55 of 2nd period - Stopped by David Rittich with a rebound.
5:45 of 2nd period - Cam Atkinson is hit by Anthony Cirelli and loses puck.
5:52 of 2nd period - Wrist shot by Colin White.
5:52 of 2nd period - Shot Blocked by Zach Parise.
5:54 of 2nd period - Wrist shot by Michael Frolik.
5:54 of 2nd period - Shot Blocked by Zach Parise.
6:13 of 2nd period - Icing by Andrew Shaw.
6:14 of 2nd period - Mikael Backlund wins face-off versus Anthony Cirelli in Blackhawks zone.
6:14 of 2nd period - Mikael Backlund is hit by Anthony Cirelli.
6:51 of 2nd period - Snap shot by Mikael Backlund.
6:51 of 2nd period - Shot Misses the Net.
6:53 of 2nd period - Slapshot by Gavin Bayreuther.
6:53 of 2nd period - Shot Blocked by Jordan Oesterle.
6:55 of 2nd period - Slapshot by Gavin Bayreuther.
6:55 of 2nd period - Stopped by Jonathan Quick with a rebound.
6:57 of 2nd period - Slapshot by Gavin Bayreuther.
6:57 of 2nd period - Shot Misses the Net.
6:59 of 2nd period - Slapshot by Markus Nutivaara.
6:59 of 2nd period - Shot Misses the Net.
7:01 of 2nd period - Backhand shot by Gavin Bayreuther.
7:01 of 2nd period - Shot Blocked by Matt Martin.
7:30 of 2nd period - Snap shot by Andrew Shaw.
7:30 of 2nd period - Stopped by Jonathan Quick with a rebound.
7:32 of 2nd period - Slapshot by Markus Nutivaara.
7:32 of 2nd period - Stopped by Jonathan Quick with a rebound.
7:54 of 2nd period - Slapshot by Jordan Oesterle.
7:54 of 2nd period - Shot Misses the Net.
8:02 of 2nd period - Snap shot by Andrew Shaw.
8:02 of 2nd period - Stopped by Jonathan Quick with a rebound.
8:18 of 2nd period - Wrist shot by Andrew Shaw.
8:18 of 2nd period - Deflect By Jordan Oesterle.
8:18 of 2nd period - Shot Blocked by Jordan Oesterle.
8:18 of 2nd period - Puck is out of play.
8:19 of 2nd period - Anthony Cirelli wins face-off versus Eric Staal in Blues zone.
8:19 of 2nd period - Anthony Cirelli is hit by Niklas Hjalmarsson.
8:29 of 2nd period - Snap shot by Colin White.
8:29 of 2nd period - Shot Misses the Net.
8:31 of 2nd period - Minor Penalty to Niklas Hjalmarsson for Holding Stick.
8:32 of 2nd period - Luke Kunin wins face-off versus Anthony Cirelli in Blackhawks zone.
8:43 of 2nd period - Icing by Michael Frolik.
8:44 of 2nd period - Anthony Cirelli wins face-off versus Luke Kunin in Blues zone.
9:15 of 2nd period - Brendan Smith is hit by Luke Kunin and loses puck.
9:24 of 2nd period - Slapshot by Brendan Smith.
9:24 of 2nd period - Deflect By Colin White.
9:24 of 2nd period - Stopped by David Rittich with a rebound.
9:26 of 2nd period - Snap shot by Michael Frolik.
9:26 of 2nd period - Stopped by David Rittich with a rebound.
9:28 of 2nd period - Snap shot by Brendan Smith.
9:28 of 2nd period - Shot Blocked by Brandon Davidson.
9:30 of 2nd period - Snap shot by Michael Frolik.
9:30 of 2nd period - Stopped by David Rittich without a rebound.
9:31 of 2nd period - Brett Connolly wins face-off versus Melker Karlsson in Blackhawks zone.
9:59 of 2nd period - Icing by Colin White.
10:00 of 2nd period - Anthony Cirelli wins face-off versus Vladislav Namestnikov in Blues zone.
10:31 of 2nd period - Penalty to Niklas Hjalmarsson is over, Niklas Hjalmarsson is back on ice.
10:49 of 2nd period - Wrist shot by Luke Kunin.
10:49 of 2nd period - Stopped by Jonathan Quick without a rebound.
10:50 of 2nd period - Eric Staal wins face-off versus Dominik Simon in Blues zone.
11:20 of 2nd period - Snap shot by Ryan Reaves.
11:20 of 2nd period - Stopped by David Rittich with a rebound.
11:22 of 2nd period - Slapshot by Ryan Sproul.
11:22 of 2nd period - Stopped by David Rittich without a rebound.
11:23 of 2nd period - Yanni Gourde wins face-off versus Anthony Cirelli in Blackhawks zone.
11:30 of 2nd period - Wrist shot by Yanni Gourde.
11:30 of 2nd period - Deflect By Vladislav Namestnikov.
11:30 of 2nd period - Shot Misses the Net.
11:30 of 2nd period - Puck is out of play.
11:31 of 2nd period - Yanni Gourde wins face-off versus Anthony Cirelli in Blues zone.
11:32 of 2nd period - Wrist shot by Vladislav Namestnikov.
11:32 of 2nd period - Stopped by Jonathan Quick with a rebound.
11:34 of 2nd period - Snap shot by Vladislav Namestnikov.
11:34 of 2nd period - Stopped by Jonathan Quick with a rebound.
11:36 of 2nd period - Slapshot by Derek Forbort.
11:36 of 2nd period - Deflect By Colin White.
11:36 of 2nd period - Stopped by Jonathan Quick with a rebound.
11:56 of 2nd period - Matt Martin is hit by Cam Atkinson and loses puck.
12:07 of 2nd period - Snap shot by Zach Parise.
12:07 of 2nd period - Stopped by Jonathan Quick without a rebound.
12:08 of 2nd period - Anthony Cirelli wins face-off versus Yanni Gourde in Blues zone.
12:21 of 2nd period - Wrist shot by Yanni Gourde.
12:21 of 2nd period - Stopped by Jonathan Quick without a rebound.
12:22 of 2nd period - Eric Staal wins face-off versus Anthony Cirelli in Blues zone.
12:33 of 2nd period - Snap shot by Eric Staal.
12:33 of 2nd period - Stopped by Jonathan Quick without a rebound.
12:34 of 2nd period - Anthony Cirelli wins face-off versus Eric Staal in Blues zone.
13:01 of 2nd period - Derek Forbort is hit by Matt Martin and loses puck.
13:08 of 2nd period - Snap shot by Corey Perry.
13:08 of 2nd period - Stopped by David Rittich with a rebound.
13:10 of 2nd period - Wrist shot by Corey Perry.
13:10 of 2nd period - Shot Misses the Net.
13:12 of 2nd period - Snap shot by Melker Karlsson.
13:12 of 2nd period - Shot Blocked by Brett Connolly.
13:14 of 2nd period - Slapshot by David Schlemko.
13:14 of 2nd period - Stopped by David Rittich without a rebound.
13:15 of 2nd period - Jordan Schroeder wins face-off versus Eric Staal in Blackhawks zone.
13:16 of 2nd period - Snap shot by Ryan Reaves.
13:16 of 2nd period - Shot Misses the Net.
13:18 of 2nd period - Slapshot by MacKenzie Weegar.
13:18 of 2nd period - Stopped by David Rittich without a rebound.
13:19 of 2nd period - Eric Staal wins face-off versus Jordan Schroeder in Blackhawks zone.
14:04 of 2nd period - Wrist shot by Corey Perry.
14:04 of 2nd period - Shot Misses the Net.
14:06 of 2nd period - Snap shot by Matt Martin.
14:06 of 2nd period - Shot Blocked by Andrew Shaw.
14:08 of 2nd period - Snap shot by Melker Karlsson.
14:08 of 2nd period - Stopped by David Rittich with a rebound.
14:10 of 2nd period - Slapshot by MacKenzie Weegar.
14:10 of 2nd period - Deflect By Matt Martin.
14:10 of 2nd period - Shot Blocked by Niklas Hjalmarsson.
14:10 of 2nd period - Puck is out of play.
14:11 of 2nd period - Eric Staal wins face-off versus Melker Karlsson in Blackhawks zone.
14:38 of 2nd period - Michael Frolik is hit by Yanni Gourde.
15:30 of 2nd period - Luke Kunin is hit by Dominik Simon and loses puck.
15:50 of 2nd period - Snap shot by Melker Karlsson.
15:50 of 2nd period - Deflect By Cam Atkinson.
15:50 of 2nd period - Stopped by David Rittich without a rebound.
15:51 of 2nd period - Yanni Gourde wins face-off versus Anthony Cirelli in Blackhawks zone.
16:05 of 2nd period - Wrist shot by Colin White.
16:05 of 2nd period - Deflect By Anthony Cirelli.
16:05 of 2nd period - Shot Misses the Net.
16:05 of 2nd period - Puck is out of play.
16:06 of 2nd period - Eric Staal wins face-off versus Anthony Cirelli in Blackhawks zone.
16:08 of 2nd period - Minor Penalty to Brandon Davidson for Delaying the game.
16:09 of 2nd period - Anthony Cirelli wins face-off versus Luke Kunin in Blackhawks zone.
16:23 of 2nd period - Snap shot by Colin White.
16:23 of 2nd period - Shot Blocked by Andy Greene.
16:25 of 2nd period - Slapshot by Anthony Cirelli.
16:25 of 2nd period - Stopped by David Rittich without a rebound.
16:26 of 2nd period - Luke Kunin wins face-off versus Melker Karlsson in Blackhawks zone.
16:51 of 2nd period - Andrew Shaw is hit by Colin White and loses puck.
17:10 of 2nd period - Alex Steen is hit by Brendan Smith and loses puck.
18:08 of 2nd period - Penalty to Brandon Davidson is over, Brandon Davidson is back on ice.
18:20 of 2nd period - Andy Greene is hit by Jordan Schroeder and loses puck.
18:37 of 2nd period - Slapshot by Dominik Simon.
18:37 of 2nd period - Stopped by David Rittich with a rebound.
18:39 of 2nd period - Slapshot by Nic Hague.
18:39 of 2nd period - Stopped by David Rittich without a rebound.
18:40 of 2nd period - Mikael Backlund wins face-off versus Dominik Simon in Blackhawks zone.
18:51 of 2nd period - Snap shot by Mikael Backlund.
18:51 of 2nd period - Stopped by Jonathan Quick with a rebound.
18:53 of 2nd period - Slapshot by Niklas Hjalmarsson.
18:53 of 2nd period - Shot Misses the Net.
19:16 of 2nd period - Backhand shot by Matt Martin.
19:16 of 2nd period - Shot Misses the Net.
19:32 of 2nd period - Slapshot by Colin White.
19:32 of 2nd period - Shot Misses the Net.
19:34 of 2nd period - Snap shot by Jordan Oesterle.
19:34 of 2nd period - Stopped by David Rittich with a rebound.
19:36 of 2nd period - Wrist shot by Colin White.
19:36 of 2nd period - Goal by Colin White - Blues : 2 - Blackhawks : 1.
19:37 of 2nd period - Anthony Cirelli wins face-off versus Eric Staal in neutral zone.
19:44 of 2nd period - Backhand shot by Anthony Cirelli.
19:44 of 2nd period - Stopped by David Rittich with a rebound.
19:46 of 2nd period - Slapshot by Jordan Oesterle.
19:46 of 2nd period - Stopped by David Rittich with a rebound.
19:48 of 2nd period - Snap shot by Anthony Cirelli.
19:48 of 2nd period - Shot Blocked by Andy Greene.
19:50 of 2nd period - Slapshot by David Schlemko.
19:50 of 2nd period - Stopped by David Rittich with a rebound.
19:52 of 2nd period - Wrist shot by Michael Frolik.
19:52 of 2nd period - Shot Misses the Net.
Goals for this period are 1 for Blues vs 0 for Blackhawks.
Shots for this period are 19 for Blues vs 16 for Blackhawks.

3rd period


0:01 of 3rd period - Mikael Backlund wins face-off versus Anthony Cirelli in neutral zone.
0:06 of 3rd period - Slapshot by Niklas Hjalmarsson.
0:06 of 3rd period - Stopped by Jonathan Quick with a rebound.
0:08 of 3rd period - Snap shot by Andrew Shaw.
0:08 of 3rd period - Shot Misses the Net.
0:10 of 3rd period - Wrist shot by Derek Forbort.
0:10 of 3rd period - Shot Misses the Net.
0:12 of 3rd period - Wrist shot by Tyler Bertuzzi.
0:12 of 3rd period - Stopped by Jonathan Quick without a rebound.
0:13 of 3rd period - Michael Frolik wins face-off versus Eric Staal in Blues zone.
0:13 of 3rd period - Michael Frolik is hit by Niklas Hjalmarsson.
0:19 of 3rd period - Slapshot by Jordan Oesterle.
0:19 of 3rd period - Shot Misses the Net.
0:25 of 3rd period - Snap shot by Zach Parise.
0:25 of 3rd period - Goal by Zach Parise - Blues : 2 - Blackhawks : 2.
0:26 of 3rd period - Anthony Cirelli wins face-off versus Mikael Backlund in neutral zone.
0:31 of 3rd period - Snap shot by Colin White.
0:31 of 3rd period - Stopped by David Rittich without a rebound.
0:32 of 3rd period - Colin White wins face-off versus Mikael Backlund in Blackhawks zone.
0:33 of 3rd period - Slapshot by Anthony Cirelli.
0:33 of 3rd period - Shot Blocked by Niklas Hjalmarsson.
0:35 of 3rd period - Slapshot by Anthony Cirelli.
0:35 of 3rd period - Goal by Anthony Cirelli - Blues : 3 - Blackhawks : 2.
0:36 of 3rd period - Anthony Cirelli wins face-off versus Eric Staal in neutral zone.
0:49 of 3rd period - Snap shot by Zach Parise.
0:49 of 3rd period - Stopped by Jonathan Quick with a rebound.
0:51 of 3rd period - Slapshot by Andy Greene.
0:51 of 3rd period - Shot Misses the Net.
1:50 of 3rd period - Snap shot by Tyler Bertuzzi.
1:50 of 3rd period - Stopped by Jonathan Quick with a rebound.
1:52 of 3rd period - Snap shot by Tyler Bertuzzi.
1:52 of 3rd period - Shot Misses the Net.
2:11 of 3rd period - Icing by MacKenzie Weegar.
2:12 of 3rd period - Anthony Cirelli wins face-off versus Yanni Gourde in Blues zone.
2:19 of 3rd period - Wrist shot by Colin White.
2:19 of 3rd period - Shot Blocked by Andy Greene.
2:21 of 3rd period - Wrist shot by Colin White.
2:21 of 3rd period - Deflect By Michael Frolik.
2:21 of 3rd period - Stopped by David Rittich with a rebound.
2:31 of 3rd period - Brendan Smith is hit by Andy Greene and loses puck.
2:45 of 3rd period - Snap shot by Colin White.
2:45 of 3rd period - Stopped by David Rittich without a rebound.
2:46 of 3rd period - Eric Staal wins face-off versus Melker Karlsson in Blackhawks zone.
2:55 of 3rd period - Snap shot by Zach Parise.
2:55 of 3rd period - Stopped by Jonathan Quick with a rebound.
3:01 of 3rd period - Cam Atkinson is hit by Jordan Oesterle and loses puck.
3:18 of 3rd period - Backhand shot by David Schlemko.
3:18 of 3rd period - Stopped by David Rittich with a rebound.
4:18 of 3rd period - Wrist shot by Cam Atkinson.
4:18 of 3rd period - Shot Misses the Net.
4:20 of 3rd period - Slapshot by Zach Parise.
4:20 of 3rd period - Shot Blocked by Curtis Lazar.
4:22 of 3rd period - Slapshot by Andy Greene.
4:22 of 3rd period - Shot Blocked by Jordan Schroeder.
6:00 of 3rd period - Wrist shot by Andrew Shaw.
6:00 of 3rd period - Shot Misses the Net.
6:10 of 3rd period - Snap shot by Andrew Shaw.
6:10 of 3rd period - Stopped by Jonathan Quick with a rebound.
6:33 of 3rd period - Nic Hague is hit by Yanni Gourde.
7:07 of 3rd period - Slapshot by Zach Parise.
7:07 of 3rd period - Stopped by Jonathan Quick without a rebound.
7:08 of 3rd period - Eric Staal wins face-off versus Matt Martin in Blues zone.
7:09 of 3rd period - Wrist shot by Cam Atkinson.
7:09 of 3rd period - Shot Misses the Net.
7:11 of 3rd period - Wrist shot by Andy Greene.
7:11 of 3rd period - Stopped by Jonathan Quick with a rebound.
7:13 of 3rd period - Snap shot by Markus Nutivaara.
7:13 of 3rd period - Shot Misses the Net.
7:15 of 3rd period - Wrist shot by Cam Atkinson.
7:15 of 3rd period - Goal by Cam Atkinson - Blues : 3 - Blackhawks : 3.
7:16 of 3rd period - Eric Staal wins face-off versus Anthony Cirelli in neutral zone.
7:29 of 3rd period - Wrist shot by Zach Parise.
7:29 of 3rd period - Stopped by Jonathan Quick with a rebound.
7:52 of 3rd period - Snap shot by Melker Karlsson.
7:52 of 3rd period - Stopped by David Rittich with a rebound.
7:54 of 3rd period - Snap shot by Melker Karlsson.
7:54 of 3rd period - Stopped by David Rittich with a rebound.
8:26 of 3rd period - Snap shot by Vladislav Namestnikov.
8:26 of 3rd period - Shot Misses the Net.
8:32 of 3rd period - Slapshot by Jeremy Bracco.
8:32 of 3rd period - Shot Misses the Net.
8:34 of 3rd period - Slapshot by Jeremy Bracco.
8:34 of 3rd period - Stopped by David Rittich with a rebound.
9:24 of 3rd period - Curtis Lazar is hit by Brett Connolly and loses puck.
9:31 of 3rd period - Snap shot by Brett Connolly.
9:31 of 3rd period - Shot Blocked by Curtis Lazar.
10:35 of 3rd period - Snap shot by Corey Perry.
10:35 of 3rd period - Stopped by David Rittich with a rebound.
11:13 of 3rd period - Snap shot by Curtis Lazar.
11:13 of 3rd period - Stopped by David Rittich without a rebound.
11:14 of 3rd period - Anthony Cirelli wins face-off versus Yanni Gourde in Blackhawks zone.
11:17 of 3rd period - Snap shot by Colin White.
11:17 of 3rd period - Shot Blocked by Brandon Davidson.
11:19 of 3rd period - Slapshot by Anthony Cirelli.
11:19 of 3rd period - Shot Blocked by Andy Greene.
11:21 of 3rd period - Slapshot by Ryan Sproul.
11:21 of 3rd period - Stopped by David Rittich with a rebound.
11:23 of 3rd period - Slapshot by Ryan Sproul.
11:23 of 3rd period - Stopped by David Rittich with a rebound.
11:25 of 3rd period - Slapshot by Nic Hague.
11:25 of 3rd period - Shot Blocked by Andy Greene.
11:27 of 3rd period - Slapshot by Ryan Sproul.
11:27 of 3rd period - Shot Misses the Net.
11:29 of 3rd period - Wrist shot by Michael Frolik.
11:29 of 3rd period - Stopped by David Rittich without a rebound.
11:30 of 3rd period - Matt Martin wins face-off versus Eric Staal in Blackhawks zone.
11:45 of 3rd period - Snap shot by Cam Atkinson.
11:45 of 3rd period - Stopped by Jonathan Quick without a rebound.
11:46 of 3rd period - Mikael Backlund wins face-off versus Colin White in Blues zone.
13:31 of 3rd period - Off-side.
13:32 of 3rd period - Eric Staal wins face-off versus Melker Karlsson in neutral zone.
13:49 of 3rd period - Backhand shot by Cam Atkinson.
13:49 of 3rd period - Shot Blocked by Corey Perry.
14:16 of 3rd period - Minor Penalty to Tyler Bertuzzi for Tripping.
14:17 of 3rd period - Luke Kunin wins face-off versus Melker Karlsson in Blackhawks zone.
15:06 of 3rd period - Snap shot by Andrew Shaw.
15:06 of 3rd period - Goal by Andrew Shaw - Blues : 3 - Blackhawks : 4.
15:07 of 3rd period - Melker Karlsson wins face-off versus Luke Kunin in neutral zone.
16:16 of 3rd period - Penalty to Tyler Bertuzzi is over, Tyler Bertuzzi is back on ice.
16:37 of 3rd period - Off-side.
16:38 of 3rd period - Anthony Cirelli wins face-off versus Yanni Gourde in neutral zone.
16:51 of 3rd period - Wrist shot by Colin White.
16:51 of 3rd period - Shot Blocked by Andy Greene.
16:59 of 3rd period - Minor Penalty to Jordan Oesterle for Tripping.
17:00 of 3rd period - Eric Staal wins face-off versus Anthony Cirelli in Blues zone.
17:32 of 3rd period - Off-side.
17:33 of 3rd period - Michael Frolik wins face-off versus Mikael Backlund in neutral zone.
17:36 of 3rd period - Wrist shot by David Schlemko.
17:36 of 3rd period - Shot Misses the Net.
18:00 of 3rd period - Icing by Zach Parise.
18:01 of 3rd period - Anthony Cirelli wins face-off versus Eric Staal in Blackhawks zone.
18:02 of 3rd period - Snap shot by Colin White.
18:02 of 3rd period - Stopped by David Rittich without a rebound.
18:03 of 3rd period - Eric Staal wins face-off versus Colin White in Blackhawks zone.
18:52 of 3rd period - Backhand shot by Yanni Gourde.
18:52 of 3rd period - Stopped by Jonathan Quick with a rebound.
18:54 of 3rd period - Wrist shot by Mikael Backlund.
18:54 of 3rd period - Shot Misses the Net.
18:59 of 3rd period - Penalty to Jordan Oesterle is over, Jordan Oesterle is back on ice.
19:10 of 3rd period - Blues, Jonathan Quick is pulled from the net.
19:14 of 3rd period - Snap shot by Michael Frolik.
19:14 of 3rd period - Stopped by David Rittich without a rebound.
19:15 of 3rd period - John Stevens call a timeout for Blues.
19:15 of 3rd period - Anthony Cirelli wins face-off versus Luke Kunin in Blackhawks zone.
19:18 of 3rd period - Snap shot by Michael Frolik.
19:18 of 3rd period - Stopped by David Rittich with a rebound.
19:20 of 3rd period - Snap shot by Anthony Cirelli.
19:20 of 3rd period - Stopped by David Rittich with a rebound.
19:22 of 3rd period - Wrist shot by Anthony Cirelli.
19:22 of 3rd period - Stopped by David Rittich without a rebound.
19:23 of 3rd period - Anthony Cirelli wins face-off versus Alex Steen in Blackhawks zone.
19:40 of 3rd period - Snap shot by Colin White.
19:40 of 3rd period - Stopped by David Rittich without a rebound.
19:41 of 3rd period - Anthony Cirelli wins face-off versus Alex Steen in Blackhawks zone.
19:46 of 3rd period - Snap shot by Michael Frolik.
19:46 of 3rd period - Stopped by David Rittich with a rebound.
Goals for this period are 1 for Blues vs 3 for Blackhawks.
Shots for this period are 20 for Blues vs 14 for Blackhawks.